Harfangs vs Remparts
Created - February 18, 2020 at 22:59
Goals
|
Harfangs |
2 |
2 |
2 |
6 |
Remparts |
0 |
1 |
2 |
3 |
|
Shots
|
Harfangs |
10 |
11 |
13 |
34 |
Remparts |
14 |
9 |
10 |
33 |
|
1st period
1. Harfangs , Tyler Randell 22 (Michael Bournival 41, Tyler Brenner 26) at 8:54
2. Harfangs , Tyler Brenner 26 (Calle Jarnkrok 45, Erik Nystrom 11) at 12:55
Penalties :
Tyler Brenner (BEA) for Hooking (Minor) at 10:31, Michael Bournival (BEA) for Hooking (Minor) at 16:38
2nd period
3. Harfangs , Tyler Randell 23 (Michael Bournival 42, Tyler Brenner 27) at 5:28
4. Harfangs , Tyler Randell 24 (Reid McNeill 22, Tyler Brenner 28) at 11:07 (PP)
5. Remparts , Rickard Rakell 11 (Pontus Aberg 27, Max Reinhart 41) at 11:19
Penalties :
Rickard Rakell (Que) for High sticking (Minor) at 0:12, Tyler Brenner (BEA) for Slashing (Minor) at 3:18, Dylan Olsen (BEA) for Delaying the game (Minor) at 6:09, Matt Puempel (Que) for Hooking (Minor) at 10:40, Michael Bournival (BEA) for Slashing (Double Minor) at 14:25, Jake Virtanen (Que) for Holding (Minor) at 18:57
3rd period
6. Remparts , Sam Reinhart 16 (Jake Virtanen 7, Roberts Lipsbergs 5) at 4:28
7. Harfangs , Tyler Randell 25 (Michael Bournival 43, Dylan Olsen 24) at 5:54
8. Remparts , Cédric Lalonde-McNicoll 13 (Keaton Thompson 10) at 12:04
9. Harfangs , Brenden Kichton 1 (Ryan Hartman 22) at 17:25 (PP)
Penalties :
Brandon McMillan (BEA) for Tripping (Minor) at 7:42, Dylan Olsen (BEA) for Hooking (Minor) at 12:11, Niklas Hansson (Que) for Delaying the game (Minor) at 16:52, Viktor Baldayev (Que) for Roughing (Minor) at 19:55
Goalie Stats
Ilya Sorokin (BEA), 30 saves from 33 shots - (0.909), W, 10-6-2, 60:00 minutes
Garret Sparks (Que), 14 saves from 18 shots - (0.778), L, 9-10-2, 31:07 minutes
Igor Bobkov (Que), 14 saves from 16 shots - (0.875), 28:53 minutes
Players Stats for Harfangs
Player Name G A P +/- PIM S H SB GA TA FO MP PP MP PK MP
------------------------------------------------------------------------------------
Brandon McMillan 0 0 0 -1 2 1 2 1 2 0 0/0 12:06 1:56 0:20
Brenden Kichton 1 0 1 1 0 2 1 1 0 0 0/0 19:55 1:38 7:00
Calle Jarnkrok 0 1 1 0 0 1 3 0 0 1 5/9 17:31 1:56 4:52
Cristoval Nieves 0 0 0 0 0 3 0 0 2 0 0/0 10:12 0:00 2:44
Devon Teows 0 0 0 0 0 0 2 0 0 0 0/0 9:25 0:00 0:00
Dylan Olsen 0 1 1 0 4 5 1 1 1 1 0/0 27:47 3:24 6:57
Erik Nystrom 0 1 1 1 0 3 0 0 0 0 1/1 13:19 0:00 4:20
Jake Dotchin 0 0 0 1 0 2 0 0 0 2 0/0 20:47 1:38 7:21
Michael Bournival 0 3 3 1 6 1 2 2 1 0 3/4 21:51 2:59 5:09
Morgan Klimchuk 0 0 0 0 0 2 1 3 0 0 1/2 10:56 0:00 3:28
Nick Shore 0 0 0 0 0 2 1 0 0 0 3/5 8:02 0:07 0:00
Nick Sorensen 0 0 0 0 0 0 0 0 0 0 0/0 7:01 0:07 0:00
Reid McNeill 0 1 1 0 0 2 3 3 0 1 0/0 29:01 3:24 8:09
Rinat Valiev 0 0 0 0 0 0 1 1 0 0 0/0 11:52 0:00 2:19
Ryan Hartman 0 1 1 -1 0 0 2 0 0 1 0/0 11:46 1:56 0:00
Sven Andrighetto 0 0 0 0 0 0 1 0 0 0 0/0 7:56 0:07 0:00
Tyler Brenner 1 3 4 2 4 5 3 0 0 0 9/20 20:17 2:59 3:18
Tyler Randell 4 0 4 1 0 5 3 0 2 1 5/11 24:16 2:59 7:35
Players Stats for Remparts
Player Name G A P +/- PIM S H SB GA TA FO MP PP MP PK MP
------------------------------------------------------------------------------------
Brendan Perlini 0 0 0 0 0 2 1 0 0 1 1/1 17:15 6:50 0:00
Cédric Lalonde-McNicoll 1 0 1 0 0 1 1 0 0 0 1/6 10:43 0:25 0:45
Guillaume Desbiens 0 0 0 0 0 4 1 0 1 0 0/0 18:03 6:53 0:45
Jake Virtanen 0 1 1 0 2 4 1 0 0 1 0/0 8:06 0:00 0:44
Jonathan Matsumoto 0 0 0 0 0 2 1 0 1 0 5/10 18:00 6:57 0:38
Keaton Thompson 0 1 1 1 0 2 3 1 0 0 0/0 17:25 7:12 0:00
Matt Puempel 0 0 0 0 2 0 0 1 0 0 0/0 10:12 0:00 0:41
Max Reinhart 0 1 1 -1 0 2 6 0 1 0 14/30 23:22 8:09 3:17
Michal Jordan 0 0 0 1 0 2 2 1 0 1 0/0 26:57 8:40 2:14
Nail Yakupov 0 0 0 0 0 1 1 0 0 0 0/0 10:34 1:01 0:00
Nelson Nogier 0 0 0 2 0 1 0 0 0 0 0/0 9:25 0:00 0:00
Niklas Hansson 0 0 0 -3 2 0 1 4 0 3 0/0 16:26 0:50 2:48
Pontus Aberg 0 1 1 -1 0 1 3 0 2 0 0/1 19:15 8:01 0:03
Rickard Rakell 1 0 1 -1 2 5 3 0 2 2 3/3 22:14 7:59 2:15
Roberts Lipsbergs 0 1 1 0 0 2 0 0 0 0 0/0 8:56 0:20 0:56
Sam Reinhart 1 0 1 0 0 3 1 0 0 0 1/1 8:15 1:04 0:00
Viktor Baldayev 0 0 0 -4 2 0 2 2 0 0 0/0 21:57 6:26 1:41
William Colbert 0 0 0 1 0 1 3 0 0 0 0/0 27:48 8:38 3:21
3 Stars
1 - Tyler Randell (BEA)
2 - Tyler Brenner (BEA)
3 - Brenden Kichton (BEA)
Power Play
Harfangs - 2 on 5 Attempt(s) - 40.00%
Remparts - 0 on 8 Attempt(s) - 0.00%
Penalty Kill
Harfangs - 8 on 8 Attempt(s) - 100.00%
- Score 0 goal in Penalty Kill
Remparts - 3 on 5 Attempt(s) - 60.00%
- Score 0 goal in Penalty Kill
Team Stat
Harfangs - Hits : 26 - Faceoff Wins : 27 - Blocked Shots : 12 - Penalty Minutes : 16
Remparts - Hits : 30 - Faceoff Wins : 25 - Blocked Shots : 9 - Penalty Minutes : 10
Official
Referees : Unknown
Linesman : Unknown
Game Notes
Tyler Randell has scored a Hat Trick!
Igor Bobkov enters game at 11:07 of 2nd period
Finance
Level 1 -- Attendance: 1733 (86.65%) -- Ticket Income $51,990
Level 2 -- Attendance: 680 (68.00%) -- Ticket Income $13,600
Total Attendance: 2413 (80.43%)
Total Ticket Income: $65,590
Other Income: $3,280
Total Income: $68,870
Harfangs
5 vs 5 Forward
Center Left Wing Right Wing Time % Phy DF OF
1 Tyler Brenner Michael Bournival Tyler Randell 40 1 2 2
2 Calle Jarnkrok Brandon McMillan Ryan Hartman 30 1 2 2
3 Nick Shore Erik Nystrom Sven Andrighetto 20 1 2 2
4 Cristoval Nieves Morgan Klimchuk Nick Sorensen 10 1 2 2
5 vs 5 Defense
Defense Defense Time % Phy DF OF
1 Dylan Olsen Reid McNeill 40 1 2 2
2 Jake Dotchin Brenden Kichton 30 1 2 2
3 Devon Teows Rinat Valiev 20 1 2 2
4 Dylan Olsen Reid McNeill 10 1 2 2
PowerPlay Forward
Center Left Wing Right Wing Time % Phy DF OF
1 Tyler Brenner Michael Bournival Tyler Randell 60 1 2 2
2 Calle Jarnkrok Brandon McMillan Ryan Hartman 40 1 2 2
PowerPlay Defense
Defense Defense Time % Phy DF OF
1 Dylan Olsen Reid McNeill 60 1 2 2
2 Jake Dotchin Brenden Kichton 40 1 2 2
Penalty Kill 4 Players Forward
Center Wing Time % Phy DF OF
1 Tyler Randell Michael Bournival 60 1 2 2
2 Tyler Brenner Calle Jarnkrok 40 1 2 2
Penalty Kill 4 Players Defense
Defense Defense Time % Phy DF OF
1 Dylan Olsen Reid McNeill 60 1 2 2
2 Jake Dotchin Brenden Kichton 40 1 2 2
Penalty Kill - 3 Players Forward
Forward Time % Phy DF OF
1 Tyler Randell 60 1 2 2
2 Michael Bournival 40 1 2 2
Penalty Kill - 3 Players Defense
Defense Defense Time % Phy DF OF
1 Dylan Olsen Reid McNeill 60 1 2 2
2 Jake Dotchin Brenden Kichton 40 1 2 2
4 vs 4 Forward
Center Wing Time % Phy DF OF
1 Tyler Randell Michael Bournival 60 1 2 2
2 Tyler Brenner Calle Jarnkrok 40 1 2 2
4 vs 4 Defense
Defense Defense Time % Phy DF OF
1 Dylan Olsen Reid McNeill 60 1 2 2
2 Jake Dotchin Brenden Kichton 40 1 2 2
Last Minutes Offensive
Center Left Wing Right Wing Defense Defense
Tyler Brenner Michael Bournival Tyler Randell Dylan Olsen Reid McNeill
Last Minutes Defensive
Center Left Wing Right Wing Defense Defense
Tyler Brenner Michael Bournival Tyler Randell Dylan Olsen Reid McNeill
Goaltenders
Starting : Ilya Sorokin
Backup : Anton Forsberg
Extra Forwards
Normal : Sven Andrighetto, Nick Shore, Erik Nystrom - PP : Sven Andrighetto, Nick Shore - PK : Erik Nystrom
Extra Defensemen
Normal : Devon Teows, Rinat Valiev, Jake Dotchin - PP : Devon Teows - PK : Rinat Valiev, Jake Dotchin
Penalty Shots
Tyler Randell, Michael Bournival, Tyler Brenner, Calle Jarnkrok, Brandon McMillan
Scratches
JC Lipon (Healthy), Blake Heinrich (Left Eye Injury), Laurent Dauphin (Healthy), Mark Alt (Healthy), Brendan Leipsic (Healthy)
Lucas Wallmarkk (Healthy), Justin Kirkland (Healthy), Victor Bartley (Healthy), Anthony Angello (Healthy), Jason Kasdorf (Healthy)
Mark Visentin (Healthy), Scott Wedgewood (Healthy), Zachary Fucale (Healthy)
Remparts
5 vs 5 Forward
Center Left Wing Right Wing Time % Phy DF OF
1 Max Reinhart Pontus Aberg Rickard Rakell 40 1 2 2
2 Jonathan Matsumoto Brendan Perlini Guillaume Desbiens 30 1 2 2
3 Cédric Lalonde-McNicoll Matt Puempel Nail Yakupov 20 1 2 2
4 Sam Reinhart Roberts Lipsbergs Jake Virtanen 10 1 2 2
5 vs 5 Defense
Defense Defense Time % Phy DF OF
1 William Colbert Michal Jordan 40 1 2 2
2 Viktor Baldayev Niklas Hansson 30 1 2 2
3 Keaton Thompson Nelson Nogier 20 1 2 2
4 William Colbert Michal Jordan 10 1 2 2
PowerPlay Forward
Center Left Wing Right Wing Time % Phy DF OF
1 Max Reinhart Pontus Aberg Rickard Rakell 60 1 2 2
2 Jonathan Matsumoto Brendan Perlini Guillaume Desbiens 40 1 2 2
PowerPlay Defense
Defense Defense Time % Phy DF OF
1 William Colbert Michal Jordan 60 1 2 2
2 Viktor Baldayev Keaton Thompson 40 1 2 2
Penalty Kill 4 Players Forward
Center Wing Time % Phy DF OF
1 Max Reinhart Rickard Rakell 60 1 2 2
2 Cédric Lalonde-McNicoll Guillaume Desbiens 40 1 2 2
Penalty Kill 4 Players Defense
Defense Defense Time % Phy DF OF
1 William Colbert Niklas Hansson 60 1 2 2
2 Michal Jordan Viktor Baldayev 40 1 2 2
Penalty Kill - 3 Players Forward
Forward Time % Phy DF OF
1 Max Reinhart 60 1 2 2
2 Rickard Rakell 40 1 2 2
Penalty Kill - 3 Players Defense
Defense Defense Time % Phy DF OF
1 William Colbert Niklas Hansson 60 1 2 2
2 Michal Jordan Viktor Baldayev 40 1 2 2
4 vs 4 Forward
Center Wing Time % Phy DF OF
1 Max Reinhart Rickard Rakell 60 1 2 2
2 Jonathan Matsumoto Pontus Aberg 40 1 2 2
4 vs 4 Defense
Defense Defense Time % Phy DF OF
1 William Colbert Michal Jordan 60 1 2 2
2 Viktor Baldayev Niklas Hansson 40 1 2 2
Last Minutes Offensive
Center Left Wing Right Wing Defense Defense
Max Reinhart Pontus Aberg Rickard Rakell Michal Jordan Niklas Hansson
Last Minutes Defensive
Center Left Wing Right Wing Defense Defense
Max Reinhart Pontus Aberg Rickard Rakell Michal Jordan Niklas Hansson
Goaltenders
Starting : Garret Sparks
Backup : Igor Bobkov
Extra Forwards
Normal : Sam Reinhart, Rickard Rakell, Max Reinhart - PP : Sam Reinhart, Rickard Rakell - PK : Jake Virtanen
Extra Defensemen
Normal : Viktor Baldayev, Niklas Hansson, Michal Jordan - PP : Niklas Hansson - PK : Michal Jordan, Niklas Hansson
Penalty Shots
Jonathan Matsumoto, Cédric Lalonde-McNicoll, Rickard Rakell, Pontus Aberg, Max Reinhart
Scratches
Juuso Ikonen (Healthy), Michael Downing (Healthy), Colin Smith (Healthy), Kyle Platzer (Healthy), Connor Honey (Healthy)
Anton Zlobin (Healthy), Mitchell Heard (Healthy), Tim Bozon (Healthy), Marek Langhamer (Healthy)
% Time on Ice - Harfangs
Lines # - Real PCT - Wanted PCT - Time Play
Normal Forward
1 - 37% - 40% - 14:39
2 - 26% - 30% - 10:16
3 - 19% - 20% - 7:27
4 - 17% - 10% - 6:43
Normal Defense
1 - 44% - 40% - 17:14
2 - 29% - 30% - 11:16
3 - 24% - 20% - 9:20
4 - 3% - 10% - 1:15
PP Forward
1 - 62% - 60% - 3:06
2 - 38% - 40% - 1:56
PP Defense
1 - 68% - 60% - 3:24
2 - 32% - 40% - 1:38
PK Forward
1 - 69% - 60% - 11:01
2 - 31% - 40% - 4:52
PK Defense
1 - 58% - 60% - 9:16
2 - 42% - 40% - 6:37
PK3 Forward
1 - 0% - 60%
2 - 0% - 40%
PK3 Defense
1 - 0% - 60%
2 - 0% - 40%
44 Forward
1 - 0% - 60%
2 - 0% - 40%
44 Defense
1 - 0% - 60%
2 - 0% - 40%
Last Minute Offensive - 0:00
Last Minute Defensive - 0:00
Total
Forward - 60:00
Defense - 60:00
|
% Time on Ice - Remparts
Lines # - Real PCT - Wanted PCT - Time Play
Normal Forward
1 - 31% - 40% - 12:02
2 - 27% - 30% - 10:25
3 - 24% - 20% - 9:32
4 - 18% - 10% - 7:06
Normal Defense
1 - 39% - 40% - 15:22
2 - 36% - 30% - 14:10
3 - 23% - 20% - 9:06
4 - 1% - 10% - 0:27
PP Forward
1 - 56% - 60% - 8:52
2 - 44% - 40% - 7:01
PP Defense
1 - 60% - 60% - 9:28
2 - 40% - 40% - 6:25
PK Forward
1 - 85% - 60% - 4:17
2 - 15% - 40% - 0:45
PK Defense
1 - 67% - 60% - 3:21
2 - 33% - 40% - 1:41
PK3 Forward
1 - 0% - 60%
2 - 0% - 40%
PK3 Defense
1 - 0% - 60%
2 - 0% - 40%
44 Forward
1 - 0% - 60%
2 - 0% - 40%
44 Defense
1 - 0% - 60%
2 - 0% - 40%
Last Minute Offensive - 0:00
Last Minute Defensive - 0:00
Total
Forward - 60:00
Defense - 60:00
|
Play-by-Play
1st period
0:01 of 1st period - Max Reinhart wins face-off versus Tyler Brenner in neutral zone.
0:04 of 1st period - Slapshot by Pontus Aberg.
0:04 of 1st period - Shot Misses the Net.
0:06 of 1st period - Slapshot by William Colbert.
0:06 of 1st period - Shot Misses the Net.
1:20 of 1st period - Snap shot by Morgan Klimchuk.
1:20 of 1st period - Deflect By Niklas Hansson.
1:20 of 1st period - Stopped by Garret Sparks with a rebound.
1:28 of 1st period - Morgan Klimchuk is hit by Viktor Baldayev and loses puck.
1:49 of 1st period - Slapshot by Dylan Olsen.
1:49 of 1st period - Stopped by Garret Sparks with a rebound.
2:09 of 1st period - Wrist shot by Cristoval Nieves.
2:09 of 1st period - Stopped by Garret Sparks with a rebound.
2:11 of 1st period - Snap shot by Reid McNeill.
2:11 of 1st period - Stopped by Garret Sparks with a rebound.
2:13 of 1st period - Slapshot by Dylan Olsen.
2:13 of 1st period - Shot Blocked by Niklas Hansson.
2:15 of 1st period - Slapshot by Dylan Olsen.
2:15 of 1st period - Deflect By Cristoval Nieves.
2:15 of 1st period - Stopped by Garret Sparks with a rebound.
2:17 of 1st period - Snap shot by Dylan Olsen.
2:17 of 1st period - Stopped by Garret Sparks with a rebound.
2:19 of 1st period - Wrist shot by Cristoval Nieves.
2:19 of 1st period - Deflect By Cédric Lalonde-McNicoll.
2:19 of 1st period - Shot Misses the Net.
2:19 of 1st period - Puck is out of play.
2:20 of 1st period - Max Reinhart wins face-off versus Tyler Brenner in Remparts zone.
3:13 of 1st period - Wrist shot by Nick Shore.
3:13 of 1st period - Shot Blocked by Keaton Thompson.
3:51 of 1st period - Nelson Nogier is hit by Tyler Randell and loses puck.
4:27 of 1st period - Rinat Valiev is hit by William Colbert and loses puck.
5:12 of 1st period - Guillaume Desbiens is hit by Michael Bournival and loses puck.
5:34 of 1st period - Keaton Thompson is hit by Michael Bournival and loses puck.
6:12 of 1st period - Rickard Rakell is hit by Calle Jarnkrok and loses puck.
6:30 of 1st period - Icing by Guillaume Desbiens.
6:31 of 1st period - Jonathan Matsumoto wins face-off versus Nick Shore in Remparts zone.
7:20 of 1st period - Slapshot by Nail Yakupov.
7:20 of 1st period - Shot Misses the Net.
7:22 of 1st period - Backhand shot by Rickard Rakell.
7:22 of 1st period - Stopped by Ilya Sorokin without a rebound.
7:23 of 1st period - Tyler Brenner wins face-off versus Max Reinhart in Harfangs zone.
7:34 of 1st period - Rickard Rakell is hit by Devon Teows and loses puck.
8:10 of 1st period - Snap shot by Sam Reinhart.
8:10 of 1st period - Stopped by Ilya Sorokin with a rebound.
8:12 of 1st period - Slapshot by Keaton Thompson.
8:12 of 1st period - Shot Blocked by Morgan Klimchuk.
8:14 of 1st period - Slapshot by Nelson Nogier.
8:14 of 1st period - Stopped by Ilya Sorokin with a rebound.
8:16 of 1st period - Slapshot by Keaton Thompson.
8:16 of 1st period - Stopped by Ilya Sorokin with a rebound.
8:18 of 1st period - Slapshot by Jake Virtanen.
8:18 of 1st period - Stopped by Ilya Sorokin with a rebound.
8:30 of 1st period - Jake Dotchin is hit by Keaton Thompson and loses puck.
8:37 of 1st period - Wrist shot by Nail Yakupov.
8:37 of 1st period - Stopped by Ilya Sorokin with a rebound.
8:54 of 1st period - Snap shot by Tyler Randell.
8:54 of 1st period - Goal by Tyler Randell - Harfangs : 1 - Remparts : 0.
8:55 of 1st period - Tyler Brenner wins face-off versus Pontus Aberg in neutral zone.
9:10 of 1st period - Snap shot by Pontus Aberg.
9:10 of 1st period - Stopped by Ilya Sorokin with a rebound.
10:06 of 1st period - Wrist shot by Rickard Rakell.
10:06 of 1st period - Stopped by Ilya Sorokin with a rebound.
10:31 of 1st period - Minor Penalty to Tyler Brenner for Hooking.
10:32 of 1st period - Max Reinhart wins face-off versus Tyler Randell in Harfangs zone.
12:19 of 1st period - Cristoval Nieves is hit by Rickard Rakell and loses puck.
12:31 of 1st period - Penalty to Tyler Brenner is over, Tyler Brenner is back on ice.
12:45 of 1st period - Snap shot by Tyler Brenner.
12:45 of 1st period - Stopped by Garret Sparks with a rebound.
12:55 of 1st period - Wrist shot by Calle Jarnkrok.
12:55 of 1st period - Deflect By Tyler Brenner.
12:55 of 1st period - Goal by Tyler Brenner - Harfangs : 2 - Remparts : 0.
12:56 of 1st period - Jonathan Matsumoto wins face-off versus Tyler Brenner in neutral zone.
12:59 of 1st period - Michael Bournival is hit by William Colbert.
13:21 of 1st period - Calle Jarnkrok is hit by Max Reinhart and loses puck.
13:29 of 1st period - Off-side.
13:30 of 1st period - Michael Bournival wins face-off versus Jonathan Matsumoto in neutral zone.
13:55 of 1st period - Niklas Hansson is hit by Calle Jarnkrok and loses puck.
14:23 of 1st period - Wrist shot by Cédric Lalonde-McNicoll.
14:23 of 1st period - Shot Misses the Net.
14:39 of 1st period - Snap shot by Jake Virtanen.
14:39 of 1st period - Stopped by Ilya Sorokin with a rebound.
14:54 of 1st period - Niklas Hansson is hit by Tyler Randell and loses puck.
15:13 of 1st period - Brandon McMillan is hit by Max Reinhart and loses puck.
15:24 of 1st period - Calle Jarnkrok is hit by Max Reinhart.
15:38 of 1st period - Backhand shot by Morgan Klimchuk.
15:38 of 1st period - Stopped by Garret Sparks without a rebound.
15:39 of 1st period - Jonathan Matsumoto wins face-off versus Morgan Klimchuk in Remparts zone.
15:46 of 1st period - Dylan Olsen is hit by Guillaume Desbiens and loses puck.
16:08 of 1st period - Snap shot by Jonathan Matsumoto.
16:08 of 1st period - Shot Misses the Net.
16:10 of 1st period - Slapshot by William Colbert.
16:10 of 1st period - Stopped by Ilya Sorokin with a rebound.
16:12 of 1st period - Snap shot by Brendan Perlini.
16:12 of 1st period - Stopped by Ilya Sorokin with a rebound.
16:14 of 1st period - Slapshot by Brendan Perlini.
16:14 of 1st period - Shot Blocked by Reid McNeill.
16:16 of 1st period - Snap shot by Michal Jordan.
16:16 of 1st period - Shot Misses the Net.
16:18 of 1st period - Slapshot by Michal Jordan.
16:18 of 1st period - Shot Blocked by Morgan Klimchuk.
16:20 of 1st period - Wrist shot by Guillaume Desbiens.
16:20 of 1st period - Shot Blocked by Morgan Klimchuk.
16:22 of 1st period - Snap shot by Guillaume Desbiens.
16:22 of 1st period - Stopped by Ilya Sorokin with a rebound.
16:32 of 1st period - Snap shot by Guillaume Desbiens.
16:32 of 1st period - Stopped by Ilya Sorokin with a rebound.
16:34 of 1st period - Snap shot by Jonathan Matsumoto.
16:34 of 1st period - Stopped by Ilya Sorokin without a rebound.
16:35 of 1st period - Tyler Brenner wins face-off versus Max Reinhart in Harfangs zone.
16:35 of 1st period - Tyler Brenner is hit by Viktor Baldayev.
16:38 of 1st period - Minor Penalty to Michael Bournival for Hooking.
16:39 of 1st period - Tyler Randell wins face-off versus Max Reinhart in Harfangs zone.
17:57 of 1st period - Rickard Rakell is hit by Reid McNeill and loses puck.
18:28 of 1st period - Morgan Klimchuk is hit by Max Reinhart and loses puck.
18:38 of 1st period - Penalty to Michael Bournival is over, Michael Bournival is back on ice.
18:59 of 1st period - Snap shot by Brandon McMillan.
18:59 of 1st period - Shot Blocked by Matt Puempel.
19:09 of 1st period - Nail Yakupov is hit by Rinat Valiev and loses puck.
19:21 of 1st period - Tyler Brenner is hit by Cédric Lalonde-McNicoll and loses puck.
Goals for this period are 2 for Harfangs vs 0 for Remparts.
Shots for this period are 10 for Harfangs vs 14 for Remparts.
2nd period
0:01 of 2nd period - Tyler Brenner wins face-off versus Max Reinhart in neutral zone.
0:10 of 2nd period - Snap shot by Michael Bournival.
0:10 of 2nd period - Shot Misses the Net.
0:12 of 2nd period - Minor Penalty to Rickard Rakell for High sticking.
0:13 of 2nd period - Max Reinhart wins face-off versus Tyler Brenner in Remparts zone.
0:38 of 2nd period - Ryan Hartman is hit by Max Reinhart and loses puck.
2:12 of 2nd period - Penalty to Rickard Rakell is over, Rickard Rakell is back on ice.
3:05 of 2nd period - Tyler Randell is hit by Michal Jordan and loses puck.
3:18 of 2nd period - Minor Penalty to Tyler Brenner for Slashing.
3:19 of 2nd period - Jonathan Matsumoto wins face-off versus Tyler Randell in Harfangs zone.
3:52 of 2nd period - Snap shot by Guillaume Desbiens.
3:52 of 2nd period - Stopped by Ilya Sorokin without a rebound.
3:53 of 2nd period - Erik Nystrom wins face-off versus Max Reinhart in Harfangs zone.
4:02 of 2nd period - Snap shot by Pontus Aberg.
4:02 of 2nd period - Shot Blocked by Michael Bournival.
4:04 of 2nd period - Slapshot by Michal Jordan.
4:04 of 2nd period - Stopped by Ilya Sorokin without a rebound.
4:05 of 2nd period - Tyler Randell wins face-off versus Max Reinhart in Harfangs zone.
4:05 of 2nd period - Tyler Randell is hit by William Colbert.
4:51 of 2nd period - Jake Dotchin is hit by Pontus Aberg and loses puck.
5:18 of 2nd period - Penalty to Tyler Brenner is over, Tyler Brenner is back on ice.
5:22 of 2nd period - Snap shot by Michael Bournival.
5:22 of 2nd period - Shot Blocked by Viktor Baldayev.
5:24 of 2nd period - Snap shot by Tyler Brenner.
5:24 of 2nd period - Shot Misses the Net.
5:26 of 2nd period - Slapshot by Michael Bournival.
5:26 of 2nd period - Shot Hit the Post.
5:28 of 2nd period - Wrist shot by Tyler Randell.
5:28 of 2nd period - Goal by Tyler Randell - Harfangs : 3 - Remparts : 0.
5:29 of 2nd period - Calle Jarnkrok wins face-off versus Max Reinhart in neutral zone.
6:09 of 2nd period - Minor Penalty to Dylan Olsen for Delaying the game.
6:10 of 2nd period - Rickard Rakell wins face-off versus Tyler Randell in Harfangs zone.
6:35 of 2nd period - Guillaume Desbiens is hit by Tyler Brenner.
8:09 of 2nd period - Penalty to Dylan Olsen is over, Dylan Olsen is back on ice.
8:27 of 2nd period - Rinat Valiev is hit by Keaton Thompson and loses puck.
8:35 of 2nd period - Icing by Rinat Valiev.
8:36 of 2nd period - Sam Reinhart wins face-off versus Calle Jarnkrok in Harfangs zone.
8:47 of 2nd period - Niklas Hansson is hit by Brandon McMillan and loses puck.
9:02 of 2nd period - Snap shot by Michael Bournival.
9:02 of 2nd period - Deflect By Tyler Brenner.
9:02 of 2nd period - Shot Blocked by Niklas Hansson.
9:02 of 2nd period - Puck is out of play.
9:03 of 2nd period - Max Reinhart wins face-off versus Tyler Brenner in Remparts zone.
9:03 of 2nd period - Max Reinhart is hit by Tyler Randell.
9:08 of 2nd period - Off-side.
9:09 of 2nd period - Tyler Brenner wins face-off versus Max Reinhart in neutral zone.
9:24 of 2nd period - Snap shot by Tyler Randell.
9:24 of 2nd period - Deflect By Michael Bournival.
9:24 of 2nd period - Stopped by Garret Sparks with a rebound.
9:26 of 2nd period - Wrist shot by Tyler Brenner.
9:26 of 2nd period - Stopped by Garret Sparks without a rebound.
9:27 of 2nd period - Jonathan Matsumoto wins face-off versus Calle Jarnkrok in Remparts zone.
9:27 of 2nd period - Jonathan Matsumoto is hit by Ryan Hartman.
9:39 of 2nd period - Backhand shot by Guillaume Desbiens.
9:39 of 2nd period - Stopped by Ilya Sorokin with a rebound.
9:41 of 2nd period - Snap shot by Brendan Perlini.
9:41 of 2nd period - Shot Misses the Net.
9:43 of 2nd period - Slapshot by Michal Jordan.
9:43 of 2nd period - Deflect By Jonathan Matsumoto.
9:43 of 2nd period - Stopped by Ilya Sorokin with a rebound.
10:18 of 2nd period - Slapshot by Dylan Olsen.
10:18 of 2nd period - Stopped by Garret Sparks without a rebound.
10:19 of 2nd period - Michael Bournival wins face-off versus Cédric Lalonde-McNicoll in Remparts zone.
10:20 of 2nd period - Snap shot by Tyler Brenner.
10:20 of 2nd period - Stopped by Garret Sparks with a rebound.
10:22 of 2nd period - Wrist shot by Tyler Brenner.
10:22 of 2nd period - Shot Misses the Net.
10:24 of 2nd period - Snap shot by Michael Bournival.
10:24 of 2nd period - Shot Misses the Net.
10:26 of 2nd period - Wrist shot by Tyler Brenner.
10:26 of 2nd period - Shot Blocked by Michal Jordan.
10:40 of 2nd period - Minor Penalty to Matt Puempel for Hooking.
10:41 of 2nd period - Tyler Brenner wins face-off versus Max Reinhart in Remparts zone.
10:54 of 2nd period - Off-side.
10:55 of 2nd period - Michael Bournival wins face-off versus Max Reinhart in neutral zone.
11:01 of 2nd period - Snap shot by Tyler Brenner.
11:01 of 2nd period - Shot Blocked by Niklas Hansson.
11:03 of 2nd period - Wrist shot by Tyler Brenner.
11:03 of 2nd period - Deflect By Tyler Randell.
11:03 of 2nd period - Stopped by Garret Sparks with a rebound.
11:05 of 2nd period - Slapshot by Reid McNeill.
11:05 of 2nd period - Stopped by Garret Sparks with a rebound.
11:07 of 2nd period - Slapshot by Tyler Randell.
11:07 of 2nd period - Goal by Tyler Randell - Harfangs : 4 - Remparts : 0.
11:07 of 2nd period - Igor Bobkov enters game.
11:08 of 2nd period - Max Reinhart wins face-off versus Michael Bournival in neutral zone.
11:15 of 2nd period - Snap shot by Max Reinhart.
11:15 of 2nd period - Stopped by Ilya Sorokin with a rebound.
11:17 of 2nd period - Wrist shot by Pontus Aberg.
11:17 of 2nd period - Shot Misses the Net.
11:19 of 2nd period - Snap shot by Rickard Rakell.
11:19 of 2nd period - Goal by Rickard Rakell - Harfangs : 4 - Remparts : 1.
11:20 of 2nd period - Max Reinhart wins face-off versus Tyler Brenner in neutral zone.
11:29 of 2nd period - Snap shot by Rickard Rakell.
11:29 of 2nd period - Stopped by Ilya Sorokin without a rebound.
11:30 of 2nd period - Rickard Rakell wins face-off versus Tyler Brenner in Harfangs zone.
11:55 of 2nd period - Wrist shot by Pontus Aberg.
11:55 of 2nd period - Shot Misses the Net.
12:05 of 2nd period - Wrist shot by Max Reinhart.
12:05 of 2nd period - Shot Blocked by Dylan Olsen.
12:27 of 2nd period - Snap shot by Max Reinhart.
12:27 of 2nd period - Stopped by Ilya Sorokin with a rebound.
12:29 of 2nd period - Slapshot by Michal Jordan.
12:29 of 2nd period - Stopped by Ilya Sorokin without a rebound.
12:30 of 2nd period - Calle Jarnkrok wins face-off versus Jonathan Matsumoto in Harfangs zone.
12:45 of 2nd period - Wrist shot by Calle Jarnkrok.
12:45 of 2nd period - Stopped by Igor Bobkov without a rebound.
12:46 of 2nd period - Nick Shore wins face-off versus Cédric Lalonde-McNicoll in Remparts zone.
13:11 of 2nd period - Calle Jarnkrok is hit by Jake Virtanen and loses puck.
13:24 of 2nd period - Snap shot by Calle Jarnkrok.
13:24 of 2nd period - Shot Blocked by Niklas Hansson.
14:10 of 2nd period - Snap shot by Guillaume Desbiens.
14:10 of 2nd period - Shot Misses the Net.
14:25 of 2nd period - Double Minor Penalty to Michael Bournival for Slashing.
14:26 of 2nd period - Tyler Randell wins face-off versus Max Reinhart in Harfangs zone.
14:34 of 2nd period - Erik Nystrom is hit by Pontus Aberg and loses puck.
15:41 of 2nd period - Wrist shot by Morgan Klimchuk.
15:41 of 2nd period - Shot Misses the Net.
16:08 of 2nd period - William Colbert is hit by Tyler Brenner and loses puck.
16:21 of 2nd period - Calle Jarnkrok is hit by Michal Jordan and loses puck.
16:44 of 2nd period - Rickard Rakell is hit by Morgan Klimchuk and loses puck.
16:48 of 2nd period - Icing by Pontus Aberg.
16:49 of 2nd period - Morgan Klimchuk wins face-off versus Max Reinhart in Remparts zone.
17:12 of 2nd period - Backhand shot by Jake Dotchin.
17:12 of 2nd period - Stopped by Igor Bobkov with a rebound.
17:50 of 2nd period - Morgan Klimchuk is hit by Jonathan Matsumoto and loses puck.
18:03 of 2nd period - Max Reinhart is hit by Calle Jarnkrok and loses puck.
18:25 of 2nd period - Penalty to Michael Bournival is over, Michael Bournival is back on ice.
18:48 of 2nd period - Michal Jordan is hit by Devon Teows and loses puck.
18:55 of 2nd period - Snap shot by Erik Nystrom.
18:55 of 2nd period - Stopped by Igor Bobkov with a rebound.
18:57 of 2nd period - Minor Penalty to Jake Virtanen for Holding.
18:58 of 2nd period - Max Reinhart wins face-off versus Tyler Randell in Remparts zone.
Goals for this period are 2 for Harfangs vs 1 for Remparts.
Shots for this period are 11 for Harfangs vs 9 for Remparts.
3rd period
0:01 of 3rd period - Max Reinhart wins face-off versus Tyler Brenner in neutral zone.
0:57 of 3rd period - Penalty to Jake Virtanen is over, Jake Virtanen is back on ice.
2:16 of 3rd period - Snap shot by Jonathan Matsumoto.
2:16 of 3rd period - Shot Misses the Net.
2:20 of 3rd period - Snap shot by Guillaume Desbiens.
2:20 of 3rd period - Shot Misses the Net.
2:22 of 3rd period - Backhand shot by Brendan Perlini.
2:22 of 3rd period - Stopped by Ilya Sorokin with a rebound.
4:11 of 3rd period - Sam Reinhart is hit by Reid McNeill and loses puck.
4:20 of 3rd period - Snap shot by Sam Reinhart.
4:20 of 3rd period - Shot Blocked by Brandon McMillan.
4:22 of 3rd period - Snap shot by Roberts Lipsbergs.
4:22 of 3rd period - Shot Misses the Net.
4:24 of 3rd period - Slapshot by Jake Virtanen.
4:24 of 3rd period - Shot Misses the Net.
4:26 of 3rd period - Snap shot by Jake Virtanen.
4:26 of 3rd period - Stopped by Ilya Sorokin with a rebound.
4:28 of 3rd period - Snap shot by Sam Reinhart.
4:28 of 3rd period - Goal by Sam Reinhart - Harfangs : 4 - Remparts : 2.
4:29 of 3rd period - Tyler Brenner wins face-off versus Max Reinhart in neutral zone.
5:07 of 3rd period - Wrist shot by Tyler Brenner.
5:07 of 3rd period - Shot Blocked by Viktor Baldayev.
5:54 of 3rd period - Slapshot by Tyler Randell.
5:54 of 3rd period - Goal by Tyler Randell - Harfangs : 5 - Remparts : 2.
5:55 of 3rd period - Calle Jarnkrok wins face-off versus Jonathan Matsumoto in neutral zone.
6:00 of 3rd period - Snap shot by Calle Jarnkrok.
6:00 of 3rd period - Shot Misses the Net.
6:51 of 3rd period - Wrist shot by Cristoval Nieves.
6:51 of 3rd period - Stopped by Igor Bobkov without a rebound.
6:52 of 3rd period - Calle Jarnkrok wins face-off versus Jonathan Matsumoto in Remparts zone.
6:57 of 3rd period - Snap shot by Calle Jarnkrok.
6:57 of 3rd period - Shot Misses the Net.
6:59 of 3rd period - Wrist shot by Dylan Olsen.
6:59 of 3rd period - Stopped by Igor Bobkov without a rebound.
7:00 of 3rd period - Calle Jarnkrok wins face-off versus Jonathan Matsumoto in Remparts zone.
7:09 of 3rd period - Snap shot by Brandon McMillan.
7:09 of 3rd period - Shot Misses the Net.
7:11 of 3rd period - Snap shot by Calle Jarnkrok.
7:11 of 3rd period - Shot Misses the Net.
7:13 of 3rd period - Slapshot by Dylan Olsen.
7:13 of 3rd period - Stopped by Igor Bobkov without a rebound.
7:14 of 3rd period - Max Reinhart wins face-off versus Tyler Brenner in Remparts zone.
7:19 of 3rd period - Slapshot by Michal Jordan.
7:19 of 3rd period - Shot Blocked by Reid McNeill.
7:42 of 3rd period - Minor Penalty to Brandon McMillan for Tripping.
7:43 of 3rd period - Max Reinhart wins face-off versus Tyler Randell in Harfangs zone.
7:59 of 3rd period - Snap shot by Rickard Rakell.
7:59 of 3rd period - Stopped by Ilya Sorokin with a rebound.
9:42 of 3rd period - Penalty to Brandon McMillan is over, Brandon McMillan is back on ice.
9:57 of 3rd period - Wrist shot by Cédric Lalonde-McNicoll.
9:57 of 3rd period - Shot Blocked by Brenden Kichton.
10:20 of 3rd period - Slapshot by Jake Virtanen.
10:20 of 3rd period - Shot Misses the Net.
10:35 of 3rd period - Viktor Baldayev is hit by Ryan Hartman and loses puck.
10:53 of 3rd period - Erik Nystrom is hit by Keaton Thompson and loses puck.
11:10 of 3rd period - Roberts Lipsbergs is hit by Tyler Brenner and loses puck.
11:43 of 3rd period - Michal Jordan is hit by Dylan Olsen and loses puck.
11:48 of 3rd period - Backhand shot by Brandon McMillan.
11:48 of 3rd period - Stopped by Igor Bobkov without a rebound.
11:49 of 3rd period - Tyler Brenner wins face-off versus Cédric Lalonde-McNicoll in Remparts zone.
12:02 of 3rd period - Wrist shot by Keaton Thompson.
12:02 of 3rd period - Shot Blocked by Michael Bournival.
12:04 of 3rd period - Snap shot by Cédric Lalonde-McNicoll.
12:04 of 3rd period - Goal by Cédric Lalonde-McNicoll - Harfangs : 5 - Remparts : 3.
12:05 of 3rd period - Rickard Rakell wins face-off versus Tyler Brenner in neutral zone.
12:11 of 3rd period - Minor Penalty to Dylan Olsen for Hooking.
12:12 of 3rd period - Max Reinhart wins face-off versus Tyler Randell in Harfangs zone.
12:12 of 3rd period - Wrist shot by Rickard Rakell.
12:12 of 3rd period - Shot Blocked by Reid McNeill.
12:30 of 3rd period - Michael Bournival is hit by Max Reinhart and loses puck.
12:51 of 3rd period - Wrist shot by Tyler Brenner.
12:51 of 3rd period - Stopped by Igor Bobkov without a rebound.
12:52 of 3rd period - Tyler Randell wins face-off versus Max Reinhart in Remparts zone.
13:44 of 3rd period - Michael Bournival is hit by Rickard Rakell and loses puck.
14:11 of 3rd period - Penalty to Dylan Olsen is over, Dylan Olsen is back on ice.
14:39 of 3rd period - Wrist shot by Sam Reinhart.
14:39 of 3rd period - Stopped by Ilya Sorokin with a rebound.
14:41 of 3rd period - Snap shot by Roberts Lipsbergs.
14:41 of 3rd period - Stopped by Ilya Sorokin with a rebound.
14:43 of 3rd period - Slapshot by Nelson Nogier.
14:43 of 3rd period - Shot Blocked by Rinat Valiev.
14:45 of 3rd period - Wrist shot by Roberts Lipsbergs.
14:45 of 3rd period - Stopped by Ilya Sorokin with a rebound.
14:47 of 3rd period - Slapshot by Keaton Thompson.
14:47 of 3rd period - Stopped by Ilya Sorokin with a rebound.
14:49 of 3rd period - Snap shot by Jake Virtanen.
14:49 of 3rd period - Stopped by Ilya Sorokin with a rebound.
14:59 of 3rd period - Rinat Valiev is hit by Brendan Perlini and loses puck.
15:06 of 3rd period - Keaton Thompson is hit by Brenden Kichton and loses puck.
15:38 of 3rd period - Icing by Michal Jordan.
15:39 of 3rd period - Brendan Perlini wins face-off versus Calle Jarnkrok in Remparts zone.
15:39 of 3rd period - Brendan Perlini is hit by Brandon McMillan.
15:51 of 3rd period - Nail Yakupov is hit by Reid McNeill and loses puck.
16:00 of 3rd period - Michael Bournival is hit by Nail Yakupov and loses puck.
16:17 of 3rd period - Reid McNeill is hit by Pontus Aberg and loses puck.
16:30 of 3rd period - Guillaume Desbiens is hit by Nick Shore and loses puck.
16:37 of 3rd period - Snap shot by Nick Shore.
16:37 of 3rd period - Shot Hit the Post.
16:39 of 3rd period - Snap shot by Nick Shore.
16:39 of 3rd period - Stopped by Igor Bobkov without a rebound.
16:40 of 3rd period - Nick Shore wins face-off versus Cédric Lalonde-McNicoll in Remparts zone.
16:45 of 3rd period - Wrist shot by Nick Shore.
16:45 of 3rd period - Stopped by Igor Bobkov with a rebound.
16:47 of 3rd period - Slapshot by Brenden Kichton.
16:47 of 3rd period - Deflect By Erik Nystrom.
16:47 of 3rd period - Stopped by Igor Bobkov without a rebound.
16:48 of 3rd period - Nick Shore wins face-off versus Cédric Lalonde-McNicoll in Remparts zone.
16:49 of 3rd period - Snap shot by Erik Nystrom.
16:49 of 3rd period - Stopped by Igor Bobkov without a rebound.
16:50 of 3rd period - Cédric Lalonde-McNicoll wins face-off versus Nick Shore in Remparts zone.
16:52 of 3rd period - Minor Penalty to Niklas Hansson for Delaying the game.
16:53 of 3rd period - Max Reinhart wins face-off versus Tyler Brenner in Remparts zone.
17:01 of 3rd period - Michael Bournival is hit by Rickard Rakell.
17:25 of 3rd period - Slapshot by Brenden Kichton.
17:25 of 3rd period - Goal by Brenden Kichton - Harfangs : 6 - Remparts : 3.
17:26 of 3rd period - Tyler Randell wins face-off versus Max Reinhart in neutral zone.
18:13 of 3rd period - Cédric Lalonde-McNicoll is hit by Sven Andrighetto and loses puck.
18:30 of 3rd period - Reid McNeill is hit by Sam Reinhart and loses puck.
19:10 of 3rd period - Slapshot by Michael Bournival.
19:10 of 3rd period - Shot Misses the Net.
19:12 of 3rd period - Slapshot by Brenden Kichton.
19:12 of 3rd period - Deflect By Guillaume Desbiens.
19:12 of 3rd period - Stopped by Igor Bobkov with a rebound.
19:14 of 3rd period - Slapshot by Jake Dotchin.
19:14 of 3rd period - Stopped by Igor Bobkov without a rebound.
19:15 of 3rd period - Max Reinhart wins face-off versus Calle Jarnkrok in Remparts zone.
19:28 of 3rd period - Snap shot by Pontus Aberg.
19:28 of 3rd period - Shot Misses the Net.
19:30 of 3rd period - Wrist shot by Rickard Rakell.
19:30 of 3rd period - Shot Misses the Net.
19:45 of 3rd period - Tyler Brenner is hit by Niklas Hansson and loses puck.
19:55 of 3rd period - Minor Penalty to Viktor Baldayev for Roughing.
19:56 of 3rd period - Tyler Brenner wins face-off versus Max Reinhart in Remparts zone.
Goals for this period are 2 for Harfangs vs 2 for Remparts.
Shots for this period are 13 for Harfangs vs 10 for Remparts.
Back to the Top